 Dungeon Crawl Stone Soup version 0.20-a0-263-g81abdfb (webtiles) character file.

1357 tsouns the Magician (level 8, 0/56 HPs)
             Began as a Demonspawn Wanderer on Dec 4, 2016.
             Was an Initiate of Makhleb.
             Shot with an arrow by a centaur (14 damage)
             ... on level 6 of the Dungeon.
             The game lasted 00:21:28 (4961 turns).

tsouns the Magician (Demonspawn Wanderer)           Turns: 4961, Time: 00:21:29

Health: 0/56       AC:  3    Str: 14    XL:     8   Next: 37%
Magic:  17/17      EV: 11    Int: 21    God:    Makhleb [......]
Gold:   224        SH:  0    Dex: 11    Spells: 14/19 levels left

rFire  . . .     SeeInvis .     a - +3 shortbow
rCold  . . .     Gourm    .     e - +0 robe
rNeg   + . .     Faith    .     (shield currently unavailable)
rPois  .         Spirit   .     (no helmet)
rElec  .         Reflect  .     o - +0 cloak
rCorr  .         Harm     .     (gloves unavailable)
MR     .....                    (no boots)
Stlth  ++........               (no amulet)
                                A - +5 ring of intelligence
                                m - ring of positive energy

@: no status effects
A: claws 3, demonic guardian 1
a: Renounce Religion


You were on level 6 of the Dungeon.
You worshipped Makhleb.
Makhleb was noncommittal.
You were not hungry.

You visited 2 branches of the dungeon, and saw 7 of its levels.

You collected 224 gold pieces.

Inventory:

Hand Weapons
 a - a +3 shortbow (weapon)
 f - a +0 dagger
 i - a +0 trident
Missiles
 b - 49 arrows (quivered)
 p - 9 tomahawks
Armour
 e - a +0 robe (worn)
 o - a +0 cloak (worn)
Jewellery
 m - a ring of positive energy (left claw)
 A - a +5 ring of intelligence (right claw)
Wands
 k - a wand of confusion (12/48)
 D - a wand of iceblast (6/15)
Scrolls
 v - a scroll of fog
 w - a scroll of teleportation
 x - a scroll of recharging
 F - 2 scrolls of remove curse
Potions
 h - 2 potions of curing
 j - 2 potions of mutation
 l - 2 potions of invisibility
 q - a potion of berserk rage
 r - 2 potions of heal wounds
 s - a potion of magic
 t - a potion of cure mutation
 u - a potion of flight
Books
 c - the Papyrus of the Snowflakes

   Spells                             Type                      Level
   a - Freeze                         Ice                          1
   b - Ozocubu's Armour               Charms/Ice                   3
 d - the Volume of Changing

   Spells                             Type                      Level
   a - Beastly Appendage              Transmutation                1
   b - Ignite Poison                  Fire/Transmutation/Poison    3
 y - a book of Cantrips

   Spells                             Type                      Level
   a - Confusing Touch                Hexes                        1
   b - Animate Skeleton               Necromancy                   1
   c - Summon Small Mammal            Summoning                    1
   d - Apportation                    Translocation                1
Comestibles
 g - 3 bread rations
 n - 11 fruits
 z - a slice of pizza
 E - a meat ration


   Skills:
 - Level 2.0 Fighting
 + Level 3.7 Bows
 - Level 1.7 Armour
 - Level 1.7 Stealth
 + Level 6.4 Spellcasting
 - Level 2.2 Summonings
   Level 1.0 Transmutations
 - Level 5.3 Ice Magic


You had 14 spell levels left.
You knew the following spells:

 Your Spells              Type           Power        Failure   Level  Hunger
a - Freeze                Ice            ####         1%          1    None
b - Ozocubu's Armour      Chrm/Ice       ###.....     12%         3    #......
c - Summon Small Mammal   Summ           ###.         4%          1    None


Dungeon Overview and Level Annotations

Branches:
Dungeon (6/15)             Temple (1/1) D:6

Altars:
Ashenzari
Cheibriados
Dithmenos
Elyvilon
Gozag
Hepliaklqana
Kikubaaqudgha
Makhleb
Nemelex Xobeh
Qazlal
Ru
Sif Muna
Trog
Vehumet
Xom
Yredelemnul
Zin
The Shining One

Shops:
D:4 :   D:5 }(%*


Innate Abilities, Weirdness & Mutations

You have claws for hands.
A weak demonic guardian rushes to your aid.


Message History

Press: ? - help, Shift-Dir - straight line, f/p - centaur
Aim: a centaur, wielding a shortbow and wearing a robe (lightly wounded)
You shoot an arrow. The arrow barely misses the centaur.
The centaur shoots an arrow.
The arrow hits you!
You are too injured to fight recklessly!
You are too injured to fight recklessly!
The centaur shoots an arrow.
The arrow hits you.
You see here an arrow.
The centaur shoots an arrow.
The arrow hits you!
The centaur shoots an arrow.
The arrow hits you!
* * * LOW HITPOINT WARNING * * *
You see here an arrow.
You swap places.
The centaur shoots an arrow.
The arrow hits your ufetubus!
Your ufetubus dies!
You see here an arrow.
You feel much better.
The centaur shoots an arrow.
The arrow hits you!
The centaur shoots an arrow.
The arrow hits you.
* * * LOW HITPOINT WARNING * * *
The centaur shoots an arrow.
The arrow hits you!
You die...

#.# #.# #.# #(...#.# #.# #.#
#.(..#.# #.# #.# #....#.# #.# #
#.# #....#.# #.#
############.#.#....#.### #.#
.........รท.........<(...# #.#
.###.......#.#.#####....#######.#
...........(.(c(@(((>...........#
.###.......#########....#########
..........)....... #....#
..##.......###.... #.####
...#.......# .# #.# .#.#####...#
#.# ....####...###.. #.#
................ ..#
..#.##.......#.# #..


You could see a centaur.

Vanquished Creatures
  The ghost of Yakui the Poker, an amateur MfGl (D:4)
  Grinder (D:6)
  An orc warrior (D:6)
  A phantom (D:6)
  2 ogres
  A water moccasin skeleton (D:6)
  2 howler monkeys
  A crimson imp (D:3)
  An orc priest (D:6)
  3 orc wizards
  2 worker ants (D:4)
  9 gnolls
  9 adders
  2 oozes (D:4)
  An adder zombie (D:5)
  An adder skeleton (D:4)
  4 worms
  A dart slug (D:1)
  3 leopard geckos
  8 orcs
  3 giant cockroaches
  4 goblins
  7 hobgoblins
  3 jackals (D:5)
  A quokka (D:3)
  3 ball pythons
  4 bats
  10 frilled lizards
  4 kobolds
  A quokka zombie (D:5)
  7 rats
101 creatures vanquished.

Vanquished Creatures (collateral kills)
  2 ogres
  A hound (D:4)
  A shadow imp (D:6)
  An orc (D:4)
5 creatures vanquished.

Vanquished Creatures (others)
  A plant (D:4)
1 creature vanquished.

Grand Total: 107 creatures vanquished

Notes
Turn   | Place    | Note
-------+----------+-------------------------------------------
     0 | D:1      | tsouns the Demonspawn Wanderer began the quest for the Orb.
     0 | D:1      | tsouns set off with: a +2 shortbow, 31 arrows, the Papyrus of the Snowflakes, the Volume of Changing, a +0 robe, a +0 dagger, a bread ration
     0 | D:1      | Reached XP level 1. HP: 16/16 MP: 3/3
     1 | D:1      | Identified the Papyrus of the Snowflakes
     1 | D:1      | Identified the Volume of Changing
     3 | D:1      | Learned a level 1 spell: Freeze
    76 | D:1      | Reached skill level 1 in Ice Magic
   125 | D:1      | Gained mutation: A weak demonic guardian rushes to your aid. [demonic ancestry]
   125 | D:1      | Reached XP level 2. HP: 11/22 MP: 1/5
   543 | D:1      | Reached XP level 3. HP: 27/27 MP: 5/7
   962 | D:2      | Found a bloodstained altar of Trog.
  1282 | D:2      | Reached skill level 3 in Spellcasting
  1799 | D:3      | Gained mutation: You have sharp fingernails. [demonic ancestry]
  1799 | D:3      | Reached XP level 4. HP: 33/33 MP: 6/8
  2096 | D:3      | Gained mutation: You have very sharp fingernails. [demonic ancestry]
  2096 | D:3      | Reached XP level 5. HP: 35/38 MP: 3/10
  2416 | D:4      | Found Duryot's Book Shoppe.
  2439 | D:4      | Reached skill level 4 in Spellcasting
  2570 | D:4      | Noticed Yakui's ghost (amateur MfGl)
  2593 | D:4      | Reached XP level 6. HP: 37/44 MP: 7/12
  2622 | D:4      | Killed Yakui's ghost
  2857 | D:4      | Reached skill level 5 in Spellcasting
  2857 | D:4      | Reached XP level 7. HP: 50/50 MP: 14/14
  2963 | D:4      | Reached skill level 5 in Ice Magic
  3529 | D:4      | Learned a level 3 spell: Ozocubu's Armour
  3530 | D:5      | Entered Level 5 of the Dungeon
  3614 | D:5      | Found Tavumyr's Food Boutique.
  3618 | D:5      | Found Naolor's General Store.
  3662 | D:5      | Learned a level 1 spell: Summon Small Mammal
  3908 | D:5      | Found Kengankynoc's Gadget Shop.
  3991 | D:5      | Found Winigh's Antique Weapon Emporium.
  4293 | D:6      | Reached skill level 1 in Summonings
  4426 | D:6      | Gained mutation: You have claws for hands. [demonic ancestry]
  4426 | D:6      | Reached XP level 8. HP: 42/56 MP: 9/16
  4481 | D:6      | Found a staircase to the Ecumenical Temple.
  4487 | Temple   | Entered the Ecumenical Temple
  4571 | Temple   | Became a worshipper of Makhleb the Destroyer
  4725 | D:6      | Noticed Grinder
  4739 | D:6      | Reached skill level 6 in Spellcasting
  4744 | D:6      | Paralysed by Grinder for 7 turns
  4762 | D:6      | Killed Grinder
  4883 | D:6      | Found a hazy altar of Hepliaklqana.
  4884 | D:6      | Found a shimmering altar of Xom.
  4884 | D:6      | Noticed a hell beast
  4885 | D:6      | Noticed a hell beast
  4885 | D:6      | Noticed a spectral ugly thing
  4961 | D:6      | Shot with an arrow by a centaur

Vault maps used:
D:1:      ncdulo_watergridlock
D:2:      bloody_trog, eino_tiny_chamber
D:4:      serial_shops, nicolae_shop_trees, serial_bayou_lagoon_a
D:5:      serial_shops, nicolae_shop_waterfront, kennysheep_little_box, shop,
          shop, first_bread
D:6:      regret_index_temple_of_mockery, kennysheep_generic_room_5,
          uniq_grinder, uniq_menkaure
Temple:   regret_index_temple_waves

Skill      XL: |  1  2  3  4  5  6  7  8 |
---------------+-------------------------+-----
Ice Magic      | 1 2 3 4 5 |  5.3
Spellcasting   | 3 4 5 6 |  6.4
Summonings     | 2 |  2.2
Bows           | 2 3 |  3.7
Fighting       | |  2.0
Armour         | |  1.7
Stealth        | |  1.7
Transmutations | |  1.0

Action                   |  1- 3 |  4- 6 |  7- 9 || total
-------------------------+-------+-------+-------++-------
 Fire: Shortbow          |    68 |    59 |   134 ||   261
 Cast: Freeze            |    38 |    31 |    24 ||    93
Evoke: Wand              |       |     2 |       ||     2
  Use: Scroll            |     9 |     4 |     4 ||    17
       Potion            |       |       |     1 ||     1
  Eat: Chunk             |     3 |     3 |     5 ||    11
       Pizza             |       |       |     1 ||     1
Armor: Robe              |     4 |     3 |     9 ||    16
Dodge: Dodged            |    19 |    17 |    14 ||    50
